 Dungeon Crawl Stone Soup version 0.28.0-53-g5a82cb258f (webtiles) character file.

Game seed: 17940079856704707402

97 ILmort the Chopper (level 4, 0/39 HPs)
             Began as a Hill Orc Fighter on Aug 2, 2022.
             Slain by an adder (2 damage)
             ... on level 3 of the Dungeon.
             The game lasted 00:09:52 (2203 turns).

ILmort the Chopper (Hill Orc Fighter)               Turns: 2203, Time: 00:09:52

Health: 0/39       AC:  6    Str: 20    XL:     4   Next: 68%
Magic:  4/4        EV:  9    Int:  8    God:
Gold:   149        SH:  4    Dex: 10    Spells: 3/3 levels left

rFire   + . .      SeeInvis .   a - +0 war axe
rCold   . . .      Faith    .   c - +0 buckler
rNeg    . . .      Spirit   .   b - +0 scale mail
rPois   .          Reflect  .   (no helmet)
rElec   .          Harm     .   (no cloak)
rCorr   .          Rampage  .   (no gloves)
Will    .....                   (no boots)
Stlth   ..........              j - amulet of Due Proportion {RegenMP rF+ Slay+3}
HPRegen 0.13/turn               (no ring)
MPRegen 0.49/turn               (no ring)

@: no status effects
A: no striking features
a: no special abilities


You were on level 3 of the Dungeon.
You visited 1 branch of the dungeon, and saw 3 of its levels.

You collected 149 gold pieces.

Inventory:

Hand Weapons
 a - a +0 war axe (weapon)
 f - a +0 hunting sling
Armour
 b - a +0 scale mail (worn)
 c - a +0 buckler (worn)
Jewellery
 j - the amulet of Due Proportion (around neck) {RegenMP rF+ Slay+3}
   (You acquired it on level 2 of the Dungeon)

   [amulet of magic regeneration]

   It increases your rate of magic regeneration.
   Slay:      It affects your accuracy & damage with ranged weapons and melee
   (+3).
   rF:        It protects you from fire.
 l - a ring of magical power
Scrolls
 e - a scroll of acquirement
 k - a scroll of immolation {unknown}
 n - a scroll of summoning {unknown}
Potions
 d - a potion of might
 h - a potion of heal wounds {unknown}
 m - a potion of ambrosia {unknown}


   Skills:
 - Level 3.6 Fighting
 + Level 6.3 Axes
 - Level 3.2 Armour
 - Level 3.2 Shields


You had 3 spell levels left.
You didn't know any spells.
Your spell library contained the following spells:

 Spells                   Type           Power      Damage    Failure   Level
 Gell's Gravitas          Tloc           0%         N/A       99%         3
 Lesser Beckoning         Tloc           0%         N/A       99%         3
 Teleport Other           Tloc           0%         N/A       99%         3


Dungeon Overview and Level Annotations

Branches:
Dungeon (3/15)

Altars:


Message History

Blink to where?
Press: ? - help, Dir - move target Are you sure you want to cancel this blink?
Uppercase [Y]es or [N]o only, please.
Are you sure you want to cancel this blink?
Okay, then.
As you read the scroll labelled GAPOKOL OHUTIT, it crumbles to dust.
It was a scroll of blinking.
You feel sick. The adder bites you.
* * * LOW HITPOINT WARNING * * *
The adder bites you but does no damage.
As you read the scroll labelled JIN LODIRU, it crumbles to dust.
You feel strangely unstable.
It was a scroll of teleportation.
You feel sick.
You are no longer poisoned.
The adder closely misses you.
As you read the scroll of teleportation, it crumbles to dust.
You feel strangely stable. You block the adder's attack.
The adder barely misses you.
You closely miss the adder.
The adder is heavily wounded.
You block the adder's attack.
You miss the adder. You slash the adder!
You kill the adder!
The adder bites you but does no damage. The adder bites you.
* * * LOW HITPOINT WARNING * * *
You slash the adder!
The adder is almost dead.
The adder closely misses you. The adder bites you.
* * * LOW HITPOINT WARNING * * *
You closely miss the adder.
The adder is almost dead.
You block the adder's attack.
You closely miss the adder.
The adder is almost dead.
The adder bites you.
* * * LOW HITPOINT WARNING * * *
The adder bites you but does no damage.
You closely miss the adder.
The adder is almost dead.
The adder closely misses you. The adder bites you.
You die...

####......................#####
#.....###..#........####......†
#.....# #..#........<..#..#####
#.....# #..#..............# #
#.....# #..###.# #.....#.######
#.....# #...##.# #............#
###)....# #.#.##.#
#..###..####.# ........#
#.#.##S###.......# #.#
######### #...##@..........#
#.# ##..######.##########.#
#..###....#..........#
####..##.####.##########
#......#......# #
#.##...######### #
#.##...........# #
#.##...######.## # #......# #.#
#


You could see an adder.

Vanquished Creatures
  A centaur skeleton (D:2)
  2 adders (D:3)
  A dart slug (D:1)
  An orc (D:3)
  A ball python (D:2)
  A bat (D:2)
  5 endoplasms
  A giant cockroach (D:2)
  4 hobgoblins
  7 jackals
  3 quokkas
  A frilled lizard (D:1)
  5 goblins
  4 kobolds
  4 rats
41 creatures vanquished.

Notes
Turn   | Place    | Note
-------+----------+-------------------------------------------
     0 | D:1      | ILmort the Hill Orc Fighter began the quest for the Orb.
     0 | D:1      | Reached XP level 1. HP: 19/19 MP: 1/1
   133 | D:1      | Found a faded altar of an unknown god.
   148 | D:1      | Reached skill level 3 in Axes
   345 | D:1      | Reached XP level 2. HP: 25/26 MP: 2/2
   567 | D:1      | Reached skill level 4 in Axes
  1010 | D:2      | Reached XP level 3. HP: 24/31 MP: 3/3
  1086 | D:2      | Identified 2 scrolls of acquirement
  1086 | D:2      | Acquired the amulet of Due Proportion {RegenMP rF+ Slay+3}
  1211 | D:2      | Reached skill level 5 in Axes
  1211 | D:2      | Reached XP level 4. HP: 30/39 MP: 4/4
  1784 | D:3      | Reached skill level 6 in Axes
  2203 | D:3      | Slain by an adder

Illustrated notes

Levels and vault maps discovered:
D:1:      minmay_arrival_hallway, layout_loops_ring,
          shapermc_ecumenical_altar_totnotflames, nrook_loot_triangle
D:2:      layout_rooms
D:3:      layout_basic, overflow_temple_1_default

Skill      XL: |  1  2  3  4 |
---------------+-------------+-----
Axes           | 3 4 5 6 |  6.3
Fighting       | |  3.6
Armour         | |  3.2
Shields        | |  3.2

Action                   |  1- 3 |  4- 6 || total
-------------------------+-------+-------++-------
Melee: War axe           |    48 |    57 ||   105
  Use: Scroll            |     1 |     3 ||     4
Armor: Scale mail        |    24 |    22 ||    46
Dodge: Dodged            |    21 |    23 ||    44
Block: Buckler           |    10 |    14 ||    24
